 Dungeon Crawl Stone Soup version 0.20.1-1-g8b1a95d (webtiles) character file.

6172 vineage the Carver (level 10, -1/90 HPs)
             Began as a Minotaur Fighter on Aug 26, 2017.
             Was a Believer of Okawaru.
             Shot with an arrow by a centaur warrior (11 damage)
             ... on level 10 of the Dungeon.
             The game lasted 00:16:55 (9000 turns).

vineage the Carver (Minotaur Fighter)               Turns: 9000, Time: 00:16:56

Health: -1/90      AC: 13    Str: 23    XL:     10   Next: 60%
Magic:  9/9        EV: 11    Int:  8    God:    Okawaru [**....]
Gold:   365        SH: 11    Dex: 11    Spells: 9/9 levels left

rFire    . . .     SeeInvis .   p - +1 long sword (freeze)
rCold    . . .     Gourm    .   c - +0 shield
rNeg     . . .     Faith    .   b - +0 scale mail
rPois    .         Spirit   .   (helmet restricted)
rElec    .         Reflect  .   (no cloak)
rCorr    .         Harm     .   v - +2 pair of gloves
MR       .....                  n - +0 pair of boots
Stlth    ..........             (no amulet)
Regen    0.3/turn               y - ring of flight
MPRegen  0.2/turn               J - +3 ring of intelligence

@: no status effects
A: retaliatory headbutt, horns 2
a: Heroism, Renounce Religion, Evoke Flight


You were on level 10 of the Dungeon.
You worshipped Okawaru.
Okawaru was pleased with you.
You were not hungry.

You visited 2 branches of the dungeon, and saw 12 of its levels.

You collected 425 gold pieces.
You spent 60 gold pieces at shops.

Inventory:

Hand Weapons
 a - a +1 long sword
 h - a +4 short sword of electrocution
 p - a +1 long sword of freezing (weapon)
Armour
 b - a +0 scale mail (worn)
 c - a +0 shield (worn)
 n - a +0 pair of boots (worn)
 v - a +2 pair of gloves (worn)
Jewellery
 d - an uncursed ring of protection from cold
 i - an uncursed ring of wizardry
 q - an uncursed ring of protection from cold
 y - a ring of flight (left hand)
 H - an uncursed ring of protection from cold
 J - a +3 ring of intelligence (right hand)
Wands
 r - a wand of iceblast (2/15)
 B - a wand of flame (23/48)
 C - a wand of flame (40/48)
 E - a wand of iceblast (4/15)
Scrolls
 e - 5 scrolls of teleportation
 g - 2 scrolls of identify
 j - a scroll of fog
 s - 2 scrolls of amnesia
 t - a scroll of immolation
 u - 5 scrolls of remove curse
 z - 2 scrolls of enchant armour
 A - a scroll of fear {unknown}
 F - 2 scrolls of enchant weapon
 G - a scroll of recharging {unknown}
 K - a scroll of summoning {unknown}
Potions
 k - 2 potions of degeneration
 w - a potion of cancellation
 x - a potion of magic
Books
 l - a book of Minor Magic

   Spells                             Type                      Level
   a - Magic Dart                     Conjuration                  1
   b - Blink                          Translocation                2
   c - Call Imp                       Summoning                    2
   d - Slow                           Hexes                        2
   e - Conjure Flame                  Conjuration/Fire             3
   f - Mephitic Cloud                 Conjuration/Poison/Air       3
Comestibles
 f - 10 bread rations
 m - 2 meat rations
 o - a fruit


   Skills:
 + Level 8.5 Fighting
 + Level 11.6 Long Blades
 + Level 9.8 Armour
 + Level 4.4 Dodging
 + Level 1.3 Stealth
 + Level 8.9 Shields


You had 9 spell levels left.
You didn't know any spells.

Dungeon Overview and Level Annotations

Branches:
Dungeon (11/15)            Temple (1/1) D:7
   Lair: D:8-11         Orc: D:9-12

Altars:
Cheibriados
Dithmenos
Elyvilon
Makhleb
Nemelex Xobeh
Okawaru
Qazlal
Ru
Sif Muna
Yredelemnul
Zin
The Shining One

Shops:
D:8 ?!*   D:10 }


Innate Abilities, Weirdness & Mutations

You reflexively headbutt those who attack you in melee.
You have a pair of horns on your head.


Message History

Deactivating autopickup; reactivate with Ctrl-A.
You climb downwards. 2 hounds, a centaur warrior, a crimson imp and 2 zombies come into view.
The jackal barks!
The hound barks!
The centaur warrior shouts!
There is a stone staircase leading up here.
You block the centaur warrior's attack.
The crimson imp blinks!
The shadow strikes at you from the darkness!
Reactivating autopickup.
You climb upwards.
There is a stone staircase leading down here.
You block the centaur warrior's attack. You block the shadow's attack.
The centaur warrior hits you.
* * * LOW HITPOINT WARNING * * *
The shadow hits you.
The centaur warrior wields a longbow.
The centaur warrior shoots an arrow.
The arrow hits you!
* * * LOW HITPOINT WARNING * * *
You see here an arrow.
The centaur warrior shoots an arrow.
The arrow hits you!
You die...

#.#.((#............#........
#.#..)#............#........
#.#...+............#........
#....(###...###...##....###.
#....(..#...###...##....###.
#....(..#...............#...
#.......#...............#...
#.......#>...W..........#...
#.......#..@.c..>.......#...
#.......#...............#...
#.......###..####.##..####.#
#.........#..####.##..######
#.....###.#...........'....#
#.....# #.#...........#....#
#.....# #.#...........#....#
#>....# #.#...........#....#
#.....###.#...........#....#


You could see a centaur warrior and a shadow.

Vanquished Creatures
  2 two-headed ogres
  The ghost of feelmyfire the Grappler, a novice DrGl of Makhleb (D:8)
  A manticore (D:9)
  Grinder (D:6)
  A hippogriff (D:8)
  A hungry ghost (D:8)
  A water moccasin (D:10)
  Duvessa (D:6)
  The ghost of ConnectionFaild the Shooter, an amateur CeHu (D:5)
  A phantom (D:5)
  4 ogres
  A crocodile (D:7)
  4 centaurs
  3 bullfrogs
  A big kobold (D:10)
  A wyvern zombie (D:9)
  Dowan (D:6)
  A wyvern skeleton (D:7)
  2 scorpions
  6 killer bees
  5 crimson imps
  A quasit (D:10)
  A bullfrog zombie (D:5)
  3 hounds
  A jelly (D:8)
  6 orc priests
  11 orc wizards
  A bullfrog skeleton (D:6)
  4 iguanas
  8 worker ants
  A hound zombie (D:5)
  4 hound skeletons
  A howler monkey zombie (D:8)
  A worker ant zombie (D:8)
  7 gnolls
  14 adders
  An ooze (D:2)
  4 worms
  4 dart slugs
  4 leopard geckos
  30 orcs
  3 ball pythons
  9 bats
  6 giant cockroaches
  13 goblins
  8 hobgoblins
  7 jackals
  15 kobolds
  4 quokkas
  6 frilled lizards
  10 rats
228 creatures vanquished.

Vanquished Creatures (others)
  A giant cockroach (D:5)
  A jackal skeleton (D:6)
  4 plants (D:8)
6 creatures vanquished.

Grand Total: 234 creatures vanquished

Notes
Turn   | Place    | Note
-------+----------+-------------------------------------------
     0 | D:1      | vineage the Minotaur Fighter began the quest for the Orb.
     0 | D:1      | Reached XP level 1. HP: 19/19 MP: 0/0
    46 | D:1      | Reached XP level 2. HP: 22/27 MP: 1/1
   357 | D:1      | Reached XP level 3. HP: 33/33 MP: 2/2
   842 | D:2      | Reached skill level 3 in Long Blades
  1033 | D:2      | Reached XP level 4. HP: 39/40 MP: 3/3
  1590 | D:2      | Reached skill level 4 in Long Blades
  1788 | D:2      | Reached XP level 5. HP: 45/47 MP: 4/4
  1791 | D:2      | Reached skill level 1 in Dodging
  1791 | D:2      | Reached skill level 5 in Shields
  2185 | D:3      | Reached skill level 5 in Long Blades
  2272 | D:3      | Reached XP level 6. HP: 45/53 MP: 5/5
  3091 | D:4      | Found a sparkling altar of Nemelex Xobeh.
  3152 | D:4      | Reached skill level 5 in Armour
  3274 | D:4      | Reached skill level 6 in Long Blades
  3274 | D:4      | Reached XP level 7. HP: 55/60 MP: 6/6
  3557 | D:5      | Entered Level 5 of the Dungeon
  3600 | D:5      | Noticed ConnectionFaild's ghost (amateur CeHu)
  3614 | D:5      | Killed ConnectionFaild's ghost
  3614 | D:5      | Reached skill level 5 in Fighting
  3658 | D:5      | Reached skill level 7 in Long Blades
  3803 | D:5      | Found a white marble altar of Elyvilon.
  3866 | D:5      | Reached XP level 8. HP: 51/69 MP: 7/7
  4256 | D:6      | Found a stormy altar of Qazlal.
  4320 | D:6      | Noticed Grinder
  4361 | D:6      | Killed Grinder
  4361 | D:6      | Reached skill level 8 in Long Blades
  4641 | D:6      | Found a glowing golden altar of the Shining One.
  4679 | D:6      | Found a basalt altar of Yredelemnul.
  4704 | D:6      | Noticed Duvessa
  4706 | D:6      | Noticed Dowan
  4730 | D:6      | Killed Duvessa
  4746 | D:6      | Killed Dowan
  4896 | D:6      | Reached skill level 1 in Stealth
  5203 | D:6      | Noticed an angel
  5211 | D:6      | Noticed a profane servitor
  5236 | D:7      | Reached XP level 9. HP: 74/78 MP: 8/8
  5242 | D:7      | Reached skill level 9 in Long Blades
  5301 | D:7      | Noticed a two-headed ogre
  5308 | D:7      | Killed a two-headed ogre
  5792 | D:7      | Found a staircase to the Ecumenical Temple.
  5819 | D:7      | Reached skill level 10 in Long Blades
  5876 | Temple   | Entered the Ecumenical Temple
  5888 | Temple   | Became a worshipper of Warmaster Okawaru
  5998 | D:8      | Found a sparkling altar of Nemelex Xobeh.
  6317 | D:8      | Noticed feelmyfire's ghost (novice DrGl)
  6331 | D:8      | Killed feelmyfire's ghost
  6331 | D:8      | Reached * piety under Okawaru
  6497 | D:8      | Reached XP level 10. HP: 64/88 MP: 9/9
  6745 | D:8      | Found Wuss's Magic Scroll Shop.
  6758 | D:8      | Bought a scroll of identify for 24 gold pieces
  7046 | D:8      | Found Yraskiq's General Store.
  7115 | D:8      | Noticed a two-headed ogre
  7127 | D:8      | Killed a two-headed ogre
  7127 | D:8      | Reached skill level 11 in Long Blades
  7331 | D:8      | Found Nuargh's Distillery.
  7346 | D:8      | Bought a potion of curing for 36 gold pieces
  7495 | D:9      | Found a shadowy altar of Dithmenos.
  7965 | D:9      | Noticed a manticore
  7985 | D:9      | Killed a manticore
  8616 | D:10     | Entered Level 10 of the Dungeon
  8616 | D:10     | Found Umanlul's Gadget Emporium.
  8800 | D:10     | Reached ** piety under Okawaru
  8993 | D:11     | Noticed a centaur warrior
  9000 | D:10     | Shot with an arrow by a centaur warrior

Skill      XL: |  1  2  3  4  5  6  7  8  9 10 |
---------------+-------------------------------+-----
Shields        | 4 5 6 7 8 |  8.9
Armour         | 4 5 6 7 8 9 |  9.8
Fighting       | 4 5 6 7 8 |  8.5
Long Blades    | 3 4 5 6 7 8 10 11 | 11.6
Dodging        | 1 2 3 4 |  4.4
Stealth        | 1 |  1.3

Action                   |  1- 3 |  4- 6 |  7- 9 | 10-12 || total
-------------------------+-------+-------+-------+-------++-------
Melee: Long sword        |    92 |   223 |   266 |   121 ||   702
       Headbutt          |    13 |    35 |    51 |    29 ||   128
       Short sword       |       |       |     5 |       ||     5
  Use: Potion            |       |     7 |     9 |     3 ||    19
       Scroll            |       |       |     5 |     3 ||     8
  Eat: Chunk             |       |     8 |     8 |     6 ||    22
       Fruit             |       |       |     2 |     3 ||     5
       Royal jelly       |       |       |       |     1 ||     1
Armor: Scale mail        |    34 |    92 |    81 |    34 ||   241
Dodge: Dodged            |    33 |    66 |    91 |    53 ||   243
Block: Shield            |    66 |   135 |   128 |    75 ||   404
       Rpst.: Long sword |     8 |    15 |    25 |    10 ||    58
